 Dungeon Crawl Stone Soup version 0.22-a0-253-gf9d0ce5 (webtiles) character file.

36 KristoblXynda the Shield-Bearer (level 3, -5/31 HPs)
             Began as a Draconian Fighter on Mar 3, 2018.
             Slain by Sigmund
             ... wielding a +0 scythe
              (12 damage)
             ... on level 2 of the Dungeon.
             The game lasted 00:01:55 (785 turns).

KristoblXynda the Shield-Bearer (Draconian Fighter)  Turns: 785, Time: 00:01:56

Health: -5/31      AC:  5    Str: 23    XL:     3   Next: 19%
Magic:  3/3        EV: 10    Int:  9    God:
Gold:   43         SH:  9    Dex: 10    Spells: 2/2 levels left

rFire    . . .     SeeInvis +   a - +0 long sword
rCold    . . .     Gourm    .   b - +0 shield
rNeg     . . .     Faith    .   (armour unavailable)
rPois    .         Spirit   .   (helmet restricted)
rElec    .         Reflect  .   (no cloak)
rCorr    .         Harm     .   (no gloves)
MR       .....                  (no boots)
Stlth    +.........             (no amulet)
HPRegen  0.10/turn              (no ring)
MPRegen  0.08/turn              j - ring of see invisible

@: mighty
A: unfitting armour, cold-blooded, AC +5
a: no special abilities


You were on level 2 of the Dungeon.
You were not hungry.

You visited 1 branch of the dungeon, and saw 2 of its levels.

You collected 43 gold pieces.

Inventory:

Hand Weapons
 a - a +0 long sword (weapon)
Armour
 b - a +0 shield (worn)
Jewellery
 j - a ring of see invisible (right hand)
Scrolls
 e - 3 scrolls of remove curse {unknown}
 g - a scroll of fear {unknown}
 h - a scroll of identify {unknown}
 i - a scroll of teleportation {unknown}
 k - a scroll of enchant weapon {unknown}
 l - a scroll of immolation {unknown}
Comestibles
 d - 5 rations


   Skills:
 - Level 3.2 Fighting
 * Level 3.0 Long Blades
 + Level 3.0 Dodging
 + Level 3.3 Shields


You had 2 spell levels left.
You didn't know any spells.

Dungeon Overview and Level Annotations

Branches:
Dungeon (2/15)

Altars:

Annotations:
D:2 Sigmund


Innate Abilities, Weirdness & Mutations

Your plain brown scales are hard. (AC +5)
You cannot fit into any form of body armour.
You are cold-blooded and may be slowed by cold attacks.


Message History

Sigmund hits you with a scythe!
You miss Sigmund.
Sigmund is lightly wounded.
Sigmund mumbles some strange words.
Sigmund flickers and vanishes for a moment.
Sigmund casts a spell at you. You resist with significant effort.
You feel less invigorated.
Sigmund hits you from afar with a scythe.
You see here a club.
You're too confused to move!
Sigmund points at you and mumbles some strange words.
The magic dart hits you!
You bump into the rock wall.
You feel less confused.
You feel very mighty all of a sudden.
Sigmund hits you from afar with a scythe!
* * * LOW HITPOINT WARNING * * *
Sigmund hits you with a scythe!
You die...

#.#######.#
##.###.###.# #
#...#
##.......##....
###.#
.......<....... #.#
##..#.##.###### #.#
# .# #.# .#
#.######### # .#
#.........######..#
.#
#########..)@@....#
.# ########.## .#


You could see Sigmund (invisible).

Vanquished Creatures
  A dart slug (D:1)
  A leopard gecko (D:1)
  2 giant cockroaches
  9 hobgoblins
  A quokka (D:2)
  7 bats
  A frilled lizard (D:1)
  A goblin (D:1)
  2 kobolds (D:1)
  6 rats (D:1)
31 creatures vanquished.

Notes
Turn   | Place    | Note
-------+----------+-------------------------------------------
     0 | D:1      | KristoblXynda the Draconian Fighter began the quest for the Orb.
     0 | D:1      | Reached XP level 1. HP: 19/19 MP: 1/1
   138 | D:1      | Reached XP level 2. HP: 18/26 MP: 2/2
   619 | D:2      | Noticed Sigmund
   673 | D:2      | Reached XP level 3. HP: 31/31 MP: 3/3
   785 | D:2      | Slain by Sigmund

Vault maps used:
D:1:      doesnt_arrival_eight_statues
D:2:      first_ration, tso_metal_star, uniq_terence, uniq_sigmund

Skill      XL: |  1  2  3 |
---------------+----------+-----
Dodging        | 3 |  3.0
Long Blades    | 3 |  3.0
Fighting       | |  3.2
Shields        | |  3.3

Action                   || total
-------------------------++-------
Melee: Long sword        ||    74
       Tailslap          ||     5
  Use: Potion            ||     2
 Stab: Sleeping          ||     1
Armor: Skin              ||    25
Dodge: Dodged            ||    38
Block: Shield            ||    34
       Rpst.: Long sword ||    19

Table legend:
 A = Spawn XP
 B = Non-spawn XP
 C = Spawn XP percentage of total XP
 D = Spawn monster count
 E = Non-spawn monster count
 F = Spawn count percentage of total count
 G = Total turns spent on level
                    A         B        C        D         E        F      G
               +---------+---------+-------+---------+---------+-------+---------
         Total |       0 |      52 |   0.0 |       0 |      31 |   0.0 |   785
               +---------+---------+-------+---------+---------+-------+---------
           D:1 |       0 |      37 |   0.0 |       0 |      23 |   0.0 |   637
           D:2 |       0 |      15 |   0.0 |       0 |       8 |   0.0 |   148
               +---------+---------+-------+---------+---------+-------+---------
